 Dungeon Crawl Stone Soup version 0.20-a0-1109-ge3cd172 (webtiles) character file.

99 Monsterracer the Poker (level 4, 0/34 HPs)
             Began as a Merfolk Skald on May 5, 2017.
             Succumbed to a big kobold's poison
             ... on level 3 of the Dungeon.
             The game lasted 00:05:55 (2355 turns).

Monsterracer the Poker (Merfolk Skald)              Turns: 2355, Time: 00:05:55

Health: 0/34       AC:  4    Str: 11    XL:     4   Next: 72%
Magic:  1/7        EV: 12    Int: 13    God:
Gold:   58         SH:  0    Dex: 13    Spells: 2/7 levels left

rFire    . . .     SeeInvis .   a - +0 spear
rCold    . . .     Gourm    .   (no shield)
rNeg     . . .     Faith    .   b - +0 leather armour
rPois    .         Spirit   .   (no helmet)
rElec    .         Reflect  .   (no cloak)
rCorr    .         Harm     .   h - +0 pair of gloves
MR       .....                  (no boots)
Stlth    +.........             (no amulet)
Regen    0.2/turn               (no ring)
MPRegen  0.1/turn               (no ring)

@: lethally poisoned (0 -> -37), infused (expiring)
A: change form in water, swift swim, stealthy swim
a: no special abilities


You were on level 3 of the Dungeon.
You were very hungry.

You visited 1 branch of the dungeon, and saw 3 of its levels.

You collected 58 gold pieces.

Inventory:

Hand Weapons
 a - a +0 spear (weapon)
Armour
 b - a +0 leather armour (worn)
 h - a +0 pair of gloves (worn)
 j - a +0 buckler
Scrolls
 e - 2 scrolls of fog {unknown}
 g - a scroll of fear {unknown}
 i - 4 scrolls of identify {unknown}
 l - a scroll of noise {unknown}
 m - a scroll of teleportation {unknown}
 n - a scroll of remove curse {unknown}
 o - a scroll of immolation {unknown}
Books
 c - a book of Battle

   Spells                             Type                      Level
   a - Infusion                       Charms                       1
   b - Shroud of Golubria             Charms/Translocation         2
   c - Song of Slaying                Charms                       2
   d - Spectral Weapon                Hexes/Charms                 3
   e - Regeneration                   Charms/Necromancy            3
Comestibles
 d - a bread ration
 f - 3 royal jellies
 k - a meat ration


   Skills:
 + Level 2.4 Fighting
 * Level 6.6 Polearms
 + Level 0.7 Armour
 + Level 2.8 Dodging
 - Level 2.0 Spellcasting
 + Level 3.3 Charms


You had 2 spell levels left.
You knew the following spells:

 Your Spells              Type           Power        Failure   Level  Hunger
a - Infusion              Chrm           ##..         9%          1    ##.....
b - Song of Slaying       Chrm           ##......     13%         2    ###....
c - Shroud of Golubria    Chrm/Tloc      #.........   26%         2    ###....


Dungeon Overview and Level Annotations

Branches:
Dungeon (3/15)

Altars:


Message History

The big kobold is lightly wounded.
You feel sick. The big kobold closely misses you.
The big kobold hits you with a dagger of venom.
* * * LOW HITPOINT WARNING * * *
You are more poisoned.
You hit the big kobold.
The big kobold is moderately wounded.
* * * LOW HITPOINT WARNING * * *
You feel sick.
The big kobold hits you but does no damage.
The big kobold closely misses you.
You closely miss the big kobold.
The big kobold is moderately wounded.
* * * LOW HITPOINT WARNING * * *
You feel very sick.
The big kobold hits you with a dagger of speed.
* * * LOW HITPOINT WARNING * * *
You hit the big kobold!
The big kobold is heavily wounded.
You die...

#.# #.# #.#
#.#
############
#.#
...K.K.K...#
#.#
##########.#
#.# ###
#.#######.#
...
#....KK@K.#
###
###########
## ≈# ≈##
≈≈#


You could see 2 big kobolds and a kobold.

Vanquished Creatures
  3 gnolls (D:2)
  An adder (D:3)
  A worm (D:2)
  4 dart slugs
  A giant cockroach (D:2)
  6 goblins
  8 hobgoblins
  2 jackals (D:2)
  A quokka (D:2)
  2 bats (D:2)
  4 frilled lizards
  14 kobolds
  4 rats
51 creatures vanquished.

Notes
Turn   | Place    | Note
-------+----------+-------------------------------------------
     0 | D:1      | Monsterracer the Merfolk Skald began the quest for the Orb.
     0 | D:1      | Reached XP level 1. HP: 16/16 MP: 3/3
     7 | D:1      | Noticed a basilisk
     7 | D:1      | Noticed a worker ant
     7 | D:1      | Noticed a stone giant
   175 | D:1      | Reached skill level 4 in Polearms
   175 | D:1      | Reached XP level 2. HP: 22/22 MP: 5/5
   415 | D:1      | Learned a level 2 spell: Song of Slaying
   848 | D:1      | Reached XP level 3. HP: 27/27 MP: 6/6
   893 | D:1      | Reached skill level 5 in Polearms
  1337 | D:2      | Reached skill level 6 in Polearms
  1341 | D:2      | Reached XP level 4. HP: 12/33 MP: 0/7
  1542 | D:2      | Learned a level 2 spell: Shroud of Golubria
  2083 | D:3      | Noticed a big kobold
  2085 | D:3      | Noticed a big kobold
  2354 | D:3      | HP: 1/34 [big kobold/dagger of speed (4)]
  2355 | D:3      | Succumbed to a big kobold's poison

Vault maps used:
D:1:      onia_arrival_zoo_common
D:3:      cheibrodos_thug_alley, marbit_many_paths, lemuel_crystal_altar,
          first_bread

Skill      XL: |  1  2  3 |
---------------+----------+-----
Polearms       | 4 6 |  6.6
Fighting       | |  2.4
Armour         | |  0.7
Dodging        | |  2.8
Spellcasting   | |  2.0
Charms         | |  3.3

Action                   |  1- 3 |  4- 6 || total
-------------------------+-------+-------++-------
Melee: Spear             |   126 |    75 ||   201
 Cast: Infusion          |     4 |     2 ||     6
       Song of Slaying   |     1 |     2 ||     3
       Shroud of Golubri |       |     1 ||     1
 Stab: Sleeping          |     2 |     1 ||     3
  Eat: Chunk             |     1 |     3 ||     4
Armor: Leather armour    |    13 |    12 ||    25
Dodge: Dodged            |    37 |    48 ||    85
